AoeStats
← FxFlashmob

Oasis

509200729Analyzed
3v3 RM · 6d ago on Sep 25, 2026· 36m 27s· 6 players
Game mode
Random Map
Map size
Normal (6 player)
Population
200
Speed
Normal
Resources
Standard
Victory
Conquest
Starting age
Dark Age
Ending age
Imperial Age
RankedLock teamsTeams togetherTeam positionsShared explorationLock speedFull tech treeHidden civsTurbo modeCheats
Victory
Defeat
🇨🇴 Maya · Colombia
1195
+15
🇺🇸 Lithuanians · United States
1168
+16
🇺🇸 Spanish · United States
1161
+16
🇩🇪 Chinese · Germany
1225
-17
🇩🇪 Khmer · Germany
1189
-17
🇩🇪 Berbers · Germany
1089
-13
Bundesamt
8:09 Loom
12:05 Feudal Age
13:18 Horse Collar
13:26 Double-Bit Axe
18:58 Castle Age
18:57 Scale Barding Armor
19:03 Forging
19:22 Bloodlines
20:03 Husbandry
22:07 Chain Barding Armor
26:57 Heavy Plow
30:10 Fletching
30:21 Padded Archer Armor
31:39 Bodkin Arrow
FxFlashmob
9:22 Feudal Age
7:37 Loom
10:01 Double-Bit Axe
13:11 Fletching
20:24 Castle Age
18:46 Horse Collar
20:40 Gold Mining
21:27 Bloodlines
21:23 Scale Barding Armor
21:29 Forging
22:10 Bow Saw
22:21 Forging
25:26 Elite Skirmisher
31:08 Wheelbarrow
30:24 Town Watch
37:12 Chain Barding Armor
tzui11
5:51 Loom
10:00 Feudal Age
16:05 Castle Age
14:20 Double-Bit Axe
14:21 Horse Collar
15:04 Gold Mining
17:30 Bow Saw
19:58 Town Watch
21:53 Wheelbarrow
29:42 Heavy Plow
34:28 Imperial Age
32:38 Elite Skirmisher
Soaking Dill
7:45 Loom
10:36 Feudal Age
15:45 Castle Age
14:37 Double-Bit Axe
16:39 Bow Saw
17:23 Horse Collar
25:56 Fletching
28:29 Padded Archer Armor
29:34 Leather Archer Armor
30:00 Wheelbarrow
29:52 Bloodlines
30:33 Husbandry
34:24 Hand Cart
33:54 Town Watch
39:15 Imperial Age
DeleFern
10:52 Feudal Age
15:28 Castle Age
14:01 Double-Bit Axe
22:17 Bow Saw
24:18 Scale Barding Armor
24:23 Forging
24:54 Wheelbarrow
25:24 Horse Collar
26:29 Loom
34:34 Imperial Age
32:44 Chain Barding Armor
33:00 Iron Casting
32:55 Bloodlines
32:45 Husbandry
33:52 Hand Cart
34:49 Cavalier
36:42 Plate Barding Armor
matapollito
0:31 Loom
10:22 Feudal Age
11:29 Double-Bit Axe
11:36 Gold Mining
15:44 Fletching
17:09 Padded Archer Armor
24:13 Castle Age
24:20 Crossbowman
25:49 Bodkin Arrow
26:20 Pikeman
27:17 Leather Archer Armor
29:16 Ballistics
29:47 Horse Collar
31:46 Thumb Ring
33:10 Forging
35:15 Scale Mail Armor
Connection lost

Rejoining the realm…

Still unreachable

The connection could not be restored.

Session expired

The server has moved on; the page needs a fresh start.